Map: Blueshift LE

Players

FightingFrog - Winner!

  • Race: Protoss Protoss
  • League: Grandmaster
  • Spawn Location: 1:00

Weow

  • Race: Zerg Zerg
  • League: Grandmaster
  • Spawn Location: 7:00

VOD

Have the link to the VOD?

Description

Time

  • Played on: Dec. 14, 2018, 6:40 a.m.
  • Length: 14:15
Show
View Real Time Build Order
Export as new Build Order

FightingFrog Protoss - Winner!

Build Orders: 1 Gate Expand, Oracle Opening, Phoenix Opening, Mass Phoenix 

Get SALT Encoding   

  12  0:01  Probe  
  13  0:13  Probe  
  14  0:18  Pylon  
  14  0:25  Probe  
  15  0:32  Assimilator  
  15  0:33  Probe  
  16  0:43  Probe  
  16  0:44  Gateway  
  17  0:53  Probe  
  18  1:05  Probe  
  19  1:18  Probe  
  20  1:29  Nexus  
  20  1:34  Cybernetics Core  
  20  1:38  Probe  
  21  1:44  Assimilator  
  21  1:50  Probe  
  22  1:55  Pylon  
  22  2:01  Probe  
  23  2:09  Probe  
  23  2:13  Adept  
  26  2:17  Probe, Stargate  
  27  2:29  Probe  
  28  2:34  Warp Gate  
  28  2:35  Assimilator  
  28  2:41  Probe, Stalker  
  32  2:44  Probe  
  32  2:53  Probe  
  32  2:56  Probe  
  34  3:03  Gateway  
  34  3:06  Probe  
  34  3:08  Probe  
  36  3:14  Oracle  
  36  3:18  Probe  
  40  3:20  Probe  
  40  3:26  Assimilator  
  41  3:29  Pylon  
  41  3:30  Probe  
  41  3:32  Probe  
  43  3:35  Stargate  
  43  3:42  Probe  
  43  3:44  Probe  
  45  3:54  Probe  
  46  3:56  Probe  
  46  3:57  Phoenix  
  46  3:59  Pylon  
  49  4:03  Zealot x2  
  49  4:05  Pylon  
  49  4:06  Pylon, Probe  
  54  4:17  Probe  
  54  4:18  Phoenix, Probe  
  54  4:23  Phoenix  
  60  4:29  Probe  
  60  4:30  Probe  
  62  4:41  Nexus  
  62  4:45  Pylon  
  62  4:46  Probe x2  
  62  4:52  Pylon  
  64  4:55  Phoenix  
  64  4:59  Probe  
  67  5:00  Stalker  
  67  5:03  Probe  
  70  5:10  Zealot  
  70  5:11  Probe  
  73  5:15  Probe  
  73  5:17  Phoenix  
  76  5:23  Probe  
  76  5:27  Probe  
  78  5:33  Phoenix  
  78  5:34  Phoenix  
  78  5:35  Probe  
  78  5:37  Zealot x2  
  78  5:39  Probe, Shield Battery  
  88  5:47  Probe  
  88  5:48  Probe  
  89  5:53  Probe, Assimilator  
  89  5:55  Phoenix  
  89  5:56  Probe  
  91  5:58  Phoenix, Assimilator  
  91  6:00  Probe  
  95  6:05  Probe x2  
  96  6:12  Probe  
  96  6:14  Phoenix  
  96  6:17  Probe x2  
  99  6:19  Phoenix  
  103  6:26  Stargate  
  103  6:27  Stargate  
  103  6:29  Probe  
  104  6:33  Zealot  
  104  6:34  Probe  
  104  6:38  Probe  
  102  6:41  Probe  
  102  6:42  Protoss Air Weapons Level 1  
  102  6:46  Probe  
  102  6:48  Zealot  
  102  6:50  Phoenix x2, Probe  
  109  6:55  Pylon  
  109  6:56  Pylon, Fleet Beacon  
  109  6:59  Forge  
  109  7:13  Probe x3  
  112  7:20  Phoenix  
  112  7:21  Phoenix x3  
  120  7:25  Probe x3  
  120  7:27  Pylon  
  120  7:28  Pylon  
  123  7:33  Nexus  
  123  7:37  Probe x2  
  125  7:46  Protoss Ground Weapons Level 1, Twilight Council  
  125  7:49  Pylon  
  125  7:50  Phoenix, Photon Cannon  
  125  7:51  Phoenix  
  129  7:55  Anion Pulse-Crystals  
  129  7:57  Phoenix  
  131  8:03  Phoenix  
  131  8:04  Pylon  
  133  8:07  Pylon  
  133  8:08  Protoss Air Weapons Level 2  
  133  8:14  Pylon  
  133  8:15  Pylon, Phoenix x2  
  133  8:18  Pylon  
  137  8:22  Phoenix, Charge  
  139  8:28  Phoenix  
  139  8:34  Pylon x2  
  141  8:37  Assimilator  
  141  8:40  Pylon, Phoenix  
  143  8:41  Assimilator  
  143  8:47  Phoenix  
  145  8:48  Phoenix  
  145  8:49  Photon Cannon  
  145  8:50  Shield Battery  
  147  8:59  Zealot  
  147  9:01  Phoenix  
  151  9:05  Phoenix  
  151  9:08  Phoenix  
  153  9:13  Phoenix  
  155  9:18  Phoenix  
  155  9:20  Gateway  
  155  9:21  Gateway  
  157  9:25  Gateway  
  157  9:27  Phoenix  
  157  9:30  Phoenix  
  161  9:34  Zealot  
  161  9:35  Phoenix  
  167  9:40  Protoss Ground Weapons Level 2  
  167  9:43  Photon Cannon  
  167  9:45  Shield Battery  
  167  9:46  Pylon  
  167  9:56  Phoenix  
  167  9:57  Phoenix x3  
  173  10:05  Robotics Facility  
  175  10:12  Phoenix  
  177  10:22  Phoenix, Stargate  
  177  10:25  Nexus  
  177  10:27  Pylon  
  177  10:28  Phoenix  
  179  10:31  Phoenix  
  183  10:37  Phoenix  
  185  10:53  Phoenix  
  185  10:54  Phoenix x2  
  185  10:57  Shield Battery x2  
  185  10:58  Photon Cannon  
  185  10:59  Photon Cannon  
  185  11:01  Phoenix  
  185  11:03  Pylon  
  183  11:06  Phoenix  
  183  11:07  Assimilator  
  182  11:16  Phoenix x2  
  182  11:17  Phoenix  
  172  11:26  Phoenix  
  172  11:31  Phoenix, Protoss Air Weapons Level 3  
  164  11:36  Zealot x5  
  174  11:41  Phoenix x2  
  174  11:42  Phoenix  
  180  11:56  Phoenix x2  
  180  11:59  Nexus  
  180  12:01  Pylon  
  180  12:15  Phoenix x3  
  182  12:21  Phoenix x2  
  184  12:25  Zealot x4  
  192  12:40  Phoenix x2  
  194  12:49  Phoenix x3  
  192  12:58  Assimilator  
  190  13:00  Assimilator  
  190  13:04  Photon Cannon  
  190  13:06  Shield Battery  
  190  13:07  Shield Battery  
  190  13:11  Zealot x5  
  188  13:26  Templar Archives  
  186  13:27  Void Ray x2  
  186  13:31  Gateway  
  186  13:33  Zealot x3  
  200  13:34  Gateway  
  194  13:52  Zealot x2  
  198  14:00  Dark Shrine  
Show
View Real Time Build Order
Export as new Build Order

Weow Zerg 

Build Orders: Hatch First 

Get SALT Encoding   

  12  0:01  Drone  
  13  0:12  Overlord  
  13  0:17  Drone  
  14  0:31  Drone  
  15  0:44  Hatchery  
  15  0:48  Drone  
  15  0:52  Drone  
  15  0:55  Drone  
  17  1:09  Spawning Pool  
  16  1:12  Drone  
  16  1:15  Drone  
  18  1:21  Drone  
  19  1:32  Drone  
  20  1:35  Extractor  
  19  1:44  Drone  
  20  1:53  Drone  
  21  2:04  Overlord  
  21  2:06  Zergling x2  
  21  2:07  Queen x2  
  26  2:09  Drone  
  27  2:16  Zergling x2  
  28  2:23  Drone  
  28  2:25  Drone  
  28  2:29  Drone  
  31  2:33  Hatchery  
  30  2:37  Metabolic Boost  
  30  2:47  Queen  
  32  2:51  Overlord  
  32  2:56  Drone x2  
  34  2:59  Drone  
  34  3:01  Drone  
  36  3:09  Drone  
  36  3:10  Drone  
  38  3:17  Drone  
  38  3:18  Drone x3  
  42  3:28  Overlord  
  42  3:29  Drone, Roach Warren  
  42  3:35  Queen  
  42  3:40  Lair  
  44  3:47  Queen  
  46  3:48  Drone x2  
  46  3:51  Extractor  
  46  3:53  Extractor  
  46  3:59  Overlord  
  46  4:02  Zergling x6  
  49  4:04  Drone x3  
  52  4:10  Drone x3  
  52  4:15  Extractor  
  50  4:25  Drone x7  
  57  4:33  Spore Crawler x2  
  57  4:34  Drone  
  57  4:35  Drone  
  58  4:38  Drone  
  58  4:45  Glial Reconstitution  
  57  4:55  Overseer  
  57  4:59  Overlord  
  57  5:00  Drone x6  
  57  5:01  Drone  
  57  5:05  Drone  
  64  5:10  Drone x3  
  64  5:20  Overlord x4  
  64  5:33  Evolution Chamber  
  63  5:39  Roach x6  
  63  5:40  Roach x2  
  63  5:41  Roach  
  81  5:43  Roach  
  81  5:45  Roach  
  81  5:49  Roach  
  89  5:50  Roach  
  89  5:51  Roach  
  89  5:56  Pneumatized Carapace  
  91  5:57  Drone  
  91  5:58  Drone x2  
  91  6:03  Hydralisk Den, Drone, Extractor x2  
  92  6:11  Overlord  
  92  6:12  Ravager x2  
  92  6:13  Drone x3  
  92  6:16  Overlord x2  
  97  6:19  Zerg Missile Weapons Level 1  
  97  6:23  Evolution Chamber  
  96  6:30  Drone x2  
  96  6:31  Drone x6  
  92  6:41  Drone x7  
  92  6:44  Spore Crawler x2  
  89  6:47  Spore Crawler  
  89  6:49  Spore Crawler  
  89  6:50  Spore Crawler  
  89  6:52  Spore Crawler  
  75  6:56  Spore Crawler  
  75  6:58  Queen  
  76  7:01  Queen  
  76  7:05  Queen  
  73  7:27  Muscular Augments  
  73  7:28  Hydralisk  
  73  7:29  Hydralisk x5  
  85  7:31  Hydralisk x4  
  85  7:33  Hydralisk  
  85  7:35  Hydralisk  
  97  7:47  Infestation Pit  
  97  7:49  Hydralisk  
  97  7:50  Hydralisk x4  
  106  7:52  Hydralisk  
  108  8:03  Hydralisk  
  110  8:09  Overlord  
  110  8:10  Hydralisk  
  112  8:17  Overlord  
  111  8:32  Pathogen Glands  
  111  8:35  Zerg Missile Weapons Level 2  
  111  8:36  Zerg Ground Armor Level 1  
  111  8:37  Overseer  
  111  8:47  Overlord  
  111  8:52  Drone  
  111  8:53  Hydralisk, Drone x3  
  111  8:54  Hydralisk x2  
  121  8:57  Overlord x3  
  121  9:00  Burrow  
  121  9:02  Hatchery  
  120  9:11  Infestor  
  120  9:12  Infestor x3  
  128  9:24  Infestor  
  128  9:28  Neural Parasite  
  130  9:37  Drone, Spire  
  130  9:48  Overlord x2  
  130  9:50  Overlord  
  130  9:51  Hydralisk x6  
  142  9:58  Overseer x2  
  142  10:07  Hive  
  142  10:08  Zergling x18  
  142  10:13  Infestor  
  142  10:14  Infestor x4, Queen  
  151  10:17  Extractor  
  151  10:20  Drone x4  
  156  10:21  Extractor  
  155  10:35  Drone x13  
  165  11:07  Overlord  
  165  11:09  Overlord  
  165  11:23  Overlord x2  
  165  11:24  Infestor  
  165  11:25  Infestor x5  
  139  11:32  Hydralisk x9  
  126  11:44  Hydralisk x5  
  126  11:46  Hydralisk  
  115  12:13  Overlord  
  115  12:15  Hydralisk x3  
  93  12:16  Hydralisk x10  
  91  12:26  Spore Crawler x2  
  91  12:29  Spore Crawler x2  
  79  12:30  Spore Crawler  
  79  12:31  Spore Crawler x2  
  79  12:32  Spore Crawler x2  
  79  12:33  Spore Crawler  
  79  12:35  Zergling x22  
  75  12:45  Zergling x12  
  75  12:50  Zergling x2  
  75  12:51  Zergling x4  
  69  12:53  Spore Crawler  
  69  12:54  Spore Crawler  
  52  12:59  Zergling x12  
  50  13:12  Zergling x2  
  50  13:13  Zergling x10  
  53  13:21  Drone x3  
  55  13:28  Zergling x6  
  57  13:38  Overlord  
  57  13:44  Hatchery  
  57  13:48  Overlord x2  
  56  13:49  Overlord  
Tags
 
Add a new tag
Caveats
  • Supply blocks, unpowered buildings, or Contaminate may cause inaccurate times.
  • Supply counts are checked every 10 seconds.